 Dungeon Crawl Stone Soup version 0.22-a0-443-g17c3723 (webtiles) character file.

9 Espgualade the Chiller (level 2, 0/17 HPs)
             Began as a Tengu Ice Elementalist on May 30, 2018.
             Slain by a hobgoblin (3 damage)
             ... on level 1 of the Dungeon.
             The game lasted 00:00:54 (76 turns).

Espgualade the Chiller (Tengu Ice Elementalist)       Turns: 76, Time: 00:00:55

Health: 0/17       AC:  2    Str:  8    XL:     2   Next: 12%
Magic:  1/6        EV: 12    Int: 15    God:
Gold:   0          SH:  0    Dex: 14    Spells: 4/5 levels left

rFire    . . .     SeeInvis .   d - +0 dagger
rCold    . . .     Gourm    .   (no shield)
rNeg     . . .     Faith    .   a - +0 robe
rPois    .         Spirit   .   (helmet restricted)
rElec    .         Reflect  .   (no cloak)
rCorr    .         Harm     .   (no gloves)
MR       .....                  (boots unavailable)
Stlth    ++........             (no amulet)
HPRegen  0.05/turn              (no ring)
MPRegen  0.10/turn              (no ring)

@: no status effects
A: beak, talons 3
a: no special abilities


You were on level 1 of the Dungeon.
You were not hungry.

You visited 1 branch of the dungeon, and saw 1 of its levels.

Inventory:

Hand Weapons
 d - a +0 dagger (weapon)
Armour
 a - a +0 robe (worn)
Comestibles
 c - a ration


   Skills:
 + Level 1.7 Fighting
 - Level 2.1 Dodging
 - Level 2.0 Stealth
 - Level 2.0 Spellcasting
   Level 1.3 Conjurations
 - Level 2.6 Ice Magic


You had 4 spell levels left.
You knew the following spells:

 Your Spells              Type           Power        Failure   Level  Hunger
a - Freeze                Ice            #...         8%          1    #......

Your spell library contained the following spells:

 Spells                   Type           Power        Failure   Level  Hunger
 Throw Frost              Conj/Ice       #.....       14%         2    ###....
 Summon Ice Beast         Ice/Summ       #.......     77%         4    #####..
 Ozocubu's Armour         Chrm/Ice       #.......     36%         3    ###....
 Throw Icicle             Conj/Ice       #.......     67%         4    #####..


Dungeon Overview and Level Annotations

Branches:
Dungeon (1/15)

Altars:


Innate Abilities, Weirdness & Mutations

You have a beak for a mouth.
You have claws for feet.


Message History

Aim: a kobold, wielding a dagger (heavily wounded)
You freeze the kobold.
The kobold is severely wounded.
The goblin shouts!
The kobold barely misses you. The kobold closely misses you.
Casting: Freeze (safe; 8% risk of failure)
Confirm with . or Enter, or press ? or * to list all spells.
You don't have enough magic to cast that spell.
The kobold barely misses you.
Okay, then.
The kobold hits you but does no damage. The goblin completely misses you.
A hobgoblin comes into view.
The goblin closely misses you.
Found a ration.
A hobgoblin comes into view.
The hobgoblin shouts! x2
The hobgoblin closely misses you. The hobgoblin hits you.
You die...

##########
#........#
##########......%.#
#......$.#........#
#........Kg.......#
#.......K.g@.......
#.##########.......
#####.#########
......#
#.............#
....g.#
#.............#
...#..#
#..#####.###..#
.... ##
##..#.......#$.#
...##
....#.......#..#
..!#
##..#..........#


You could see 2 hobgoblins, a goblin and 2 kobolds.

Vanquished Creatures
  A giant cockroach (D:1)
  3 goblins (D:1)
  2 hobgoblins (D:1)
  A bat (D:1)
7 creatures vanquished.

Notes
Turn   | Place    | Note
-------+----------+-------------------------------------------
     0 | D:1      | Espgualade the Tengu Ice Elementalist began the quest for the Orb.
     0 | D:1      | Reached XP level 1. HP: 10/10 MP: 4/4
    21 | D:1      | Reached skill level 1 in Fighting
    38 | D:1      | Reached XP level 2. HP: 13/16 MP: 1/6
    76 | D:1      | Slain by a hobgoblin

Vault maps used:
D:1:      lemuel_arrival_room

Skill      XL: |  1 |
---------------+----+-----
Fighting       | 1 |  1.7
Dodging        | |  2.1
Stealth        | |  2.0
Spellcasting   | |  2.0
Conjurations   | |  1.3
Ice Magic      | |  2.6

Action                   || total
-------------------------++-------
Melee: Dagger            ||    10
       Kick              ||     3
       Peck              ||     2
 Cast: Freeze            ||     9
  Use: Scroll            ||     1
Dodge: Dodged            ||    18

Table legend:
 A = Spawn XP
 B = Non-spawn XP
 C = Spawn XP percentage of total XP
 D = Spawn monster count
 E = Non-spawn monster count
 F = Spawn count percentage of total count
 G = Total turns spent on level
                    A         B        C        D         E        F      G
               +---------+---------+-------+---------+---------+-------+---------
         Total |       0 |      13 |   0.0 |       0 |       7 |   0.0 |    76
               +---------+---------+-------+---------+---------+-------+---------
           D:1 |       0 |      13 |   0.0 |       0 |       7 |   0.0 |    76
               +---------+---------+-------+---------+---------+-------+---------
